 Dungeon Crawl Stone Soup version 0.17.1-3-g152610e (webtiles) character file.

78 Gargoyl the Skirmisher (level 4, 0/37 HPs)
             Began as a Demonspawn Abyssal Knight on Feb 18, 2016.
             Was a Believer of Lugonu.
             Succumbed to an adder's poison
             ... on level 2 of the Dungeon.
             The game lasted 00:04:39 (1889 turns).

Gargoyl the Skirmisher (Demonspawn Abyssal Knight)  Turns: 1889, Time: 00:04:39

Health: 0/37       AC: 11    Str: 13    XL:     4   Next: 15%
Magic:  6/6        EV:  3    Int: 14    God:    Lugonu [**....]
Gold:   61         SH:  0    Dex: 12    Spells: 0 memorised, 3 levels left

rFire  . . .     SeeInvis .     a - +1 hand axe
rCold  + . .     Clarity  .     b - +0 plate armour
rNeg   . . .     SustAt   .     (no shield)
rPois  .         Gourm    .     (no helmet)
rElec  .         Spirit   .     (no cloak)
rCorr  .         Warding  .     (no gloves)
rMut   .         Stasis   .     (no boots)
MR     .....                    f - amulet of inaccuracy (curse)
Stlth  ..........               (no ring)
                                (no ring)

@: lethally poisoned (0 -> -10), not resistant to hostile enchantments,
extremely unstealthy
A: hooves 1, breathe flames 1, cold resistance 1, demonic guardian 1, evolution
1
a: Depart the Abyss, Bend Space, Renounce Religion, Breathe Fire


You were on level 2 of the Dungeon.
You worshipped Lugonu.
Lugonu was pleased with you.
You were not hungry.

You visited 1 branch of the dungeon, and saw 2 of its levels.
You visited the Abyss 1 time.

You collected 61 gold pieces.

Inventory:

Hand Weapons
 a - a +1 hand axe (weapon)
Missiles
 g - 4 tomahawks (quivered)
Armour
 b - a +0 plate armour (worn)
Jewellery
 f - a cursed amulet of inaccuracy (around neck)
Scrolls
 e - 2 scrolls of identify {unknown}
Comestibles
 d - 5 chunks of flesh


   Skills:
 + Level 3.7 Fighting
 + Level 2.3 Axes
 + Level 2.2 Armour
 + Level 1.4 Dodging
 + Level 3.4 Invocations


You had 3 spell levels left.
You didn't know any spells.

Dungeon Overview and Level Annotations

Branches:
Dungeon (2/15)

Altars:
Ashenzari
Nemelex Xobeh


Innate Abilities, Weirdness & Mutations

You have large cloven feet.
Your flesh is cold resistant.
A weak demonic guardian rushes to your aid.
You can breathe flames.
You evolve.


Message History

* * * LOW HITPOINT WARNING * * *
You feel sick. The adder bites you but does no damage.
You closely miss the adder. Your kick misses the adder.
The adder is severely wounded.
The adder bites you but does no damage. x2
Your plate armour prevents you from hitting the adder.
Your kick misses the adder.
The adder is severely wounded.
* * * LOW HITPOINT WARNING * * *
You feel sick. The adder bites you but does no damage.
You miss the adder.
The adder is severely wounded.
* * * LOW HITPOINT WARNING * * *
You feel sick. The adder bites you.
* * * LOW HITPOINT WARNING * * *
You are more poisoned.
The adder poisons you! The adder bites you but does no damage.
You barely miss the adder. Your kick misses the adder.
The adder is severely wounded.
You die...

.# #...(....#.###..#.#####
.. .#...............#.#
##..#⌠.##'##.⌠#.....#.# #
#... #...##.#...####.#<..#
.. #...
...........#........# .##
#... #......#...#..###.###
.... #... #.......#+##.##
### ..... #...
#............########......
#...
##########....5.@SS.........
#...
###########.........#...
............. #........##.#
###### #.# ######.#
###########....#..
#####>.....#..........
#..........#......^...


You could see 2 adders and a friendly quasit.

Vanquished Creatures
  3 adders (D:2)
  7 hobgoblins
  2 jackals (D:2)
  4 kobolds
  6 bats
  A giant cockroach (D:2)
  2 giant newts
  6 goblins
  A rat (D:1)
32 creatures vanquished.

Vanquished Creatures (collateral kills)
  Jessica (D:2)
1 creature vanquished.

Vanquished Creatures (others)
  5 starspawn tentacles (Abyss:1)
  343 starspawn tentacle segments (Abyss:1)
348 creatures vanquished.

Grand Total: 381 creatures vanquished

Notes
Turn   | Place    | Note
--------------------------------------------------------------
     0 | Abyss:1  | Gargoyl the Demonspawn Abyssal Knight began the quest for the Orb.
     0 | Abyss:1  | Reached XP level 1. HP: 18/18 MP: 2/2
    62 | Abyss:1  | Noticed a tentacled starspawn
    72 | Abyss:1  | Noticed a neqoxec
    78 | Abyss:1  | Gained mutation: You evolve. [a neqoxec]
    99 | D:1      | Escaped the Abyss
   583 | D:1      | Reached * piety under Lugonu
   610 | D:1      | Gained mutation: Your flesh is cold resistant. [demonic ancestry]
   610 | D:1      | Reached XP level 2. HP: 16/24 MP: 3/3
   720 | D:1      | Found a sparkling altar of Nemelex Xobeh.
   751 | D:1      | Gained mutation: You can breathe flames. [evolution]
   956 | D:2      | Reached skill level 1 in Dodging
  1113 | D:2      | Gained mutation: A weak demonic guardian rushes to your aid. [demonic ancestry]
  1113 | D:2      | Reached XP level 3. HP: 19/29 MP: 5/5
  1314 | D:2      | HP: 1/29 [adder (2)]
  1494 | D:2      | Noticed Jessica
  1501 | D:2      | Killed Jessica
  1538 | D:2      | Gained mutation: You have large cloven feet. [demonic ancestry]
  1538 | D:2      | Reached XP level 4. HP: 34/36 MP: 6/6
  1748 | D:2      | Found a shattered altar of Ashenzari.
  1809 | D:2      | Reached ** piety under Lugonu
  1888 | D:2      | HP: 1/37 [adder (2)]
  1889 | D:2      | Succumbed to an adder's poison

Action                   |  1- 3 |  4- 6 || total
-------------------------+-------+-------++-------
Melee: Hand axe          |   100 |    78 ||   178
Invok: Depart the Abyss  |     1 |       ||     1
 Abil: Breathe Fire      |     3 |     3 ||     6
  Use: Potion            |     4 |     1 ||     5
       Scroll            |     2 |       ||     2
  Eat: Bread ration      |     1 |       ||     1
